 Dungeon Crawl Stone Soup version bcrawl-1.37.2 (webtiles) character file.

Game seed: 17788012096834406762

508401 Coyote68 the Brawler (level 13, -7/96 HPs)
             Began as a Pale Draconian Transmuter on Nov 22, 2022.
             Was the Champion of Wu Jian.
             Killed from afar by an orc sorcerer (33 damage)
             ... with a bolt of negative energy
             ... in the Orcish Mines on Nov 23, 2022.
             The game lasted 01:12:59 (15544 turns).

Coyote68 the Brawler (Pale Draconian Transmuter)   Turns: 15544, Time: 01:13:00

Health: -7/96      AC: 13    Str: 13    XL:     13   Next: 93%
Magic:  26/26      EV: 14    Int: 23    God:    Wu Jian [******]
Gold:   812        SH:  0    Dex: 11    Spells: 16/31 levels left

rFire    . . .     GDR:     23%   - Blade hands (33.9)
rCold    . . .     SeeInvis .   (shield currently unavailable)
rNeg     . . .     Gourm    .   (armour unavailable)
rPois    .         Faith    .   K - +1 hat of Roedecw {MR++}
rElec    .         Spirit   .   F - +2 cloak
rCorr    .         Reflect  .   (gloves currently unavailable)
MR       ++...                  a - +0 pair of boots
Stlth    ++........             L - amulet of regeneration
HPRegen  1.04/turn              g - +6 ring of slaying
MPRegen  0.20/turn              q - +6 ring of intelligence

@: blade hands, drained
A: breathe steam, unfitting armour, horns 1, stinger 1, weak 1, cold-blooded, AC
+8
a: Breathe Steam, End Transformation, Wall Jump, Serpent's Lash, Heavenly Storm,
Renounce Religion


You were in the Orcish Mines.
You worshipped Wu Jian.
Wu Jian was exalted by your worship.
You were hungry.
You had blades for hands.
You visited 4 branches of the dungeon, and saw 16 of its levels.
You also visited: Ossuary.

You collected 1717 gold pieces.
You spent 905 gold pieces at shops.

Inventory:

Hand Weapons
 j - a +1 quarterstaff of electrocution
Missiles
 s - 1053 arrows
 B - a throwing net {=f}
Armour
 a - a +0 pair of boots (worn)
 F - a +2 cloak (worn)
 K - the +1 hat of Roedecw (worn) {MR++}
   (You bought it in a shop on level 9 of the Dungeon)

   It affects your resistance to hostile enchantments.
Jewellery
 g - a +6 ring of slaying (left scythe-like blade)
 q - a +6 ring of intelligence (right scythe-like blade)
 u - a +3 ring of protection
 w - an uncursed ring of resist corrosion
 x - a +5 ring of strength
 A - an uncursed ring of protection from fire
 L - an amulet of regeneration (around neck)
 R - an uncursed amulet of guardian spirit
 S - an uncursed ring of stealth
Wands
 n - a wand of flame (26)
 I - a wand of paralysis (20)
 M - a wand of random effects (14)
 N - a wand of disintegration (15)
 O - a wand of acid (7)
Scrolls
 d - 6 scrolls of amnesia
 h - 7 scrolls of fear
 i - 3 scrolls of identify
 k - 13 scrolls of remove curse
 l - a scroll of blinking
 m - 7 scrolls of teleportation
 y - 2 scrolls of enchant weapon
 D - a scroll of magic mapping
Potions
 b - 9 potions of curing
 c - 6 potions of lignification
 f - a potion of haste
 p - a potion of cancellation
 r - a potion of invisibility
 t - 2 potions of berserk rage
 v - a potion of flight
 z - 3 potions of magic
 E - a potion of might
 G - a potion of brilliance
 P - a potion of agility
Miscellaneous
 C - a lightning rod (4/4)
Comestibles
 e - 28 rations {!d}
 o - 2 chunks of flesh


   Skills:
 + Level 4.1(3.4) Fighting
 + Level 6.4(5.7) Dodging
 + Level 4.2(3.5) Stealth
 + Level 16.5(15.6) Unarmed Combat
 + Level 9.8(9.0) Spellcasting
 + Level 10.7(9.9) Transmutations
 + Level 0.3(0.0) Ice Magic
 + Level 2.9(2.2) Poison Magic


You had 16 spell levels left.
You knew the following spells:

 Your Spells              Type           Power        Failure   Level  Hunger
a - Beastly Appendage     Tmut           ######       7%          1    None
b - Passwall              Tmut/Erth      ####....     17%         2    None
c - Spider Form           Tmut/Pois      ###          19%         3    None
d - Ice Form              Ice/Tmut       ####....     41%         4    ##.....
e - Blade Hands           Tmut           ######....   24%         5    ####...

Your spell library contained the following spells:

 Spells                   Type           Power        Failure   Level  Hunger
 Sticks to Snakes         Tmut           ######..     8%          2    None
 Necrotize                Necr           ##....       36%         1    None
 Vampiric Draining        Necr           ##........   61%         3    None
 Agony                    Necr           ##......     88%         4    ##.....
 Animate Dead             Necr           N/A          88%         4    ##.....
 Dispel Undead            Necr           ##......     99%         5    ####...


Dungeon Overview and Level Annotations

Branches:
Dungeon (12/12)            Temple (1/1) D:7            Lair (2/6) D:7
  Swamp (0/3) Lair:2          Orc (1/1) D:9             Elf (0/3) Orc
 Vaults (0/3) D:12
 Shoals: Lair:2-4     Snake: Lair:2-4    Spider: Lair:2-4    Depths: D:12

Altars:
Ashenzari
Cheibriados
Elyvilon
Fedhas
Gozag
Hepliaklqana
Kikubaaqudgha
Lugonu
Nemelex Xobeh
Okawaru
Ru
Sif Muna
Trog
Uskayaw
Vehumet
Wu Jian
Xom
Zin
The Shining One

Shops:
D:4 *[   D:5 *   D:9 [[:*[   D:11 ?

Annotations:
D:5 2 transporters, Darthill6464's ghost, novice VSTm


Innate Abilities, Weirdness & Mutations

You can breathe blasts of scalding, opaque steam.
Your pale cyan-grey scales are hard. (AC +8)
You cannot fit into any form of body armour.
You are cold-blooded and may be slowed by cold attacks.
You have a pair of small horns on your head.
Your tail ends in a poisonous barb.
You are weak. (Str -2)


Message History

The Council accepts your kill.
The ynoxinul disappears in a puff of smoke!
The ice devil disappears in a puff of smoke!
Something hits you but does no damage.
The orc sorcerer hits you but does no damage.
You slice the orc sorcerer!!
The orc sorcerer is heavily wounded.
The orc sorcerer points at you and mumbles some strange words.
The bolt of fire hits you!
* * * LOW HITPOINT WARNING * * *
The orc wizard gestures wildly while chanting.
The orc wizard seems to speed up.
The orc warrior closely misses you. Something hits you but does no damage.
You are feeling hungry.
You slash the orc sorcerer!
You headbutt the orc sorcerer, but do no damage.
The orc sorcerer is almost dead.
The orc sorcerer casts a spell at you.
You feel drained. The bolt of negative energy hits you!!
You die...

..#.###.###)))............#
.............)............##
...........................##
#.............).#........... .
.#...................#....#####..
..#....#....................8....
......#........§..3...........o..
................o.oo))...)...o..o
...#...........§@)o.o§.......o...
.......##.......oo.§.....o..8....
..........................#####..
....................#....## .
.....................>..##
........................#
#.#......................#
..........................
..........................#


You could see a neqoxec, 2 orc sorcerers, 2 orc warriors, an orc wizard, an orc
priest and an orc.

Vanquished Creatures
  Snorg (D:12)
  Fannar (D:10)
  3 hydras
  2 catoblepae
  A death knight (D:12)
  3 two-headed ogres
  2 dancing weapons (D:12)
  An orc high priest (Orc)
  A tengu warrior (D:9)
  Nergalle (D:11)
  A sixfirhy (D:11)
  A centaur warrior (D:7)
  2 cyclopes (D:12)
  3 orc knights
  2 wolf spider zombies
  An orc sorcerer (Orc)
  4 ugly things
  A salamander (shapeshifter) (D:12)
  5 slime creatures (D:10)
  A manticore (D:12)
  A freezing wraith (D:12)
  4 cane toads (Lair:1)
  2 kobold demonologists (D:12)
  6 komodo dragons
  2 tengu conjurers (D:12)
  4 trolls
  A queen bee (Lair:2)
  2 hornets
  2 harpy skeletons
  8 hippogriffs
  4 blink frogs (Lair:1)
  2 bog bodies (Lair:2)
  Sigmund (D:4)
  3 shadows
  A spriggan (Lair:2)
  2 vampires
  A wyvern (D:10)
  2 wraiths (D:10)
  21 yaks
  A basilisk (Lair:1)
  3 hungry ghosts
  Eustachio (D:5)
  3 vampire mosquitoes (D:10)
  5 wargs
  3 water moccasins (Lair:1)
  A crocodile (Lair:1)
  7 porcupines
  A meliai simulacrum (D:12)
  15 orc warriors
  6 sky beasts
  A black bear (D:7)
  A hornet zombie (D:9)
  3 phantoms
  2 necrophages (D:9)
  27 wolves (Lair:2)
  6 ogres
  Blork the orc (D:5)
  A kobold brigand (D:7)
  9 bullfrogs
  2 water moccasin zombies (D:6)
  3 centaurs
  A wyvern skeleton (D:7)
  4 scorpions
  A hornet simulacrum (D:12)
  25 killer bees
  5 wights (D:7)
  2 howler monkeys (D:11)
  2 electric eels (D:11)
  5 orc priests
  7 crimson imps
  A bullfrog zombie (D:8)
  3 human zombies (Ossuary)
  3 jellies
  10 orc wizards
  A bullfrog skeleton (D:3)
  2 quasits
  7 hounds
  Jessica (D:2)
  3 iguanas
  6 worker ants
  A kobold zombie (Ossuary)
  A hound zombie (D:7)
  3 hound skeletons
  3 mummies (Ossuary)
  4 worker ant zombies
  2 howler monkey zombies
  12 adders
  A centaur zombie (Ossuary)
  5 oozes
  An adder skeleton (D:6)
  5 worms
  2 dart slugs
  5 leopard geckos
  44 orcs
  9 bats
  2 giant cockroaches
  A gnoll zombie (Ossuary)
  9 goblins
  4 hobgoblins
  15 jackals
  6 quokkas
  3 ball pythons
  5 frilled lizards
  A goblin zombie (Ossuary)
  A hobgoblin zombie (Ossuary)
  A jackal zombie (D:5)
  18 kobolds
  A quokka skeleton (D:6)
  9 rats
471 creatures vanquished.

Vanquished Creatures (others)
  4 fungi
  2 plants
6 creatures vanquished.

Grand Total: 477 creatures vanquished

Notes
Turn   | Place    | Note
-------+----------+-------------------------------------------
     0 | D:1      | Coyote68 the Draconian Transmuter began the quest for the
                  | Orb.
     0 | D:1      | Reached XP level 1. HP: 16/16 MP: 3/3
   119 | D:1      | Reached XP level 2. HP: 17/23 MP: 3/5
   184 | D:1      | Learned a level 2 spell: Passwall
   233 | D:1      | Reached XP level 3. HP: 25/28 MP: 4/6
  1014 | D:2      | Learned a level 3 spell: Spider Form
  1183 | D:2      | Found a blossoming altar of Fedhas.
  1316 | D:2      | Reached skill level 4 in Unarmed Combat
  1316 | D:2      | Reached XP level 4. HP: 35/35 MP: 5/7
  1572 | D:2      | Noticed Jessica
  1579 | D:2      | Killed Jessica
  2141 | D:3      | Found a transporter.
  2161 | D:3      | Found a transporter.
  2171 | D:3      | Reached XP level 5. HP: 18/40 MP: 6/8
  3205 | D:4      | Noticed an ogre
  3213 | D:4      | Killed an ogre
  3214 | D:4      | Reached skill level 5 in Unarmed Combat
  3214 | D:4      | Reached XP level 6. HP: 46/47 MP: 3/10
  3647 | D:4      | Reached skill level 1 in Poison Magic
  3713 | D:4      | Found Usee's Armour Emporium.
  3718 | D:4      | Bought a +0 pair of boots for 58 gold pieces
  3795 | D:4      | Found Suddis's General Store.
  3798 | D:4      | Bought a +0 cloak for 54 gold pieces
  3840 | D:4      | Noticed Sigmund
  3847 | D:4      | Killed Sigmund
  3848 | D:4      | Reached skill level 6 in Unarmed Combat
  3848 | D:4      | Your scales start taking on a pale cyan-grey colour.
  3848 | D:4      | Reached XP level 7. HP: 47/52 MP: 8/12
  3990 | D:5      | Entered Level 5 of the Dungeon
  4007 | D:5      | Found Oqemaemi's Assorted Antiques.
  4022 | D:5      | Bought an encrusted steel ring for 135 gold pieces
  4072 | D:5      | Noticed Eustachio
  4084 | D:5      | Killed Eustachio
  4126 | D:5      | Found a transporter.
  4150 | D:5      | Reached skill level 1 in Stealth
  4219 | D:5      | Found a transporter.
  4219 | D:5      | Noticed Darthill6464's ghost (novice VSTm)
  4265 | D:5      | Noticed a yak
  4285 | D:5      | Killed a yak
  4286 | D:5      | Reached XP level 8. HP: 25/61 MP: 14/14
  4411 | D:5      | Reached skill level 7 in Unarmed Combat
  4416 | D:5      | Learned a level 4 spell: Ice Form
  4422 | D:5      | Found a snail-covered altar of Cheibriados.
  4458 | D:5      | Found a sparkling altar of Nemelex Xobeh.
  4551 | D:5      | Noticed Blork the orc
  4563 | D:5      | Killed Blork the orc
  4698 | D:5      | Found a white marble altar of Elyvilon.
  4822 | D:5      | Found a hide-covered altar of Uskayaw.
  4971 | D:6      | Found a sand-covered staircase.
  4984 | Ossuary  | Entered an ossuary
  5271 | Ossuary  | Gained mutation: Your spells are a little easier to cast,
                  | but a little less powerful. [potion of mutation]
  5271 | Ossuary  | Gained mutation: Your tail ends in a poisonous barb.
                  | [potion of mutation]
  5272 | Ossuary  | Lost mutation: Your spells are a little easier to cast, but
                  | a little less powerful. [potion of mutation]
  5272 | Ossuary  | Lost mutation: Your tail ends in a poisonous barb. [potion
                  | of mutation]
  5272 | Ossuary  | Gained mutation: You have a pair of small horns on your
                  | head. [potion of mutation]
  5272 | Ossuary  | Gained mutation: You are weak. (Str -2) [potion of
                  | mutation]
  5272 | Ossuary  | Gained mutation: Your tail ends in a poisonous barb.
                  | [potion of mutation]
  5369 | D:6      | Reached skill level 8 in Unarmed Combat
  5432 | D:6      | Learned a level 5 spell: Blade Hands
  5686 | D:6      | Reached skill level 5 in Transmutations
  5694 | D:6      | Noticed a troll
  5702 | D:6      | Reached XP level 9. HP: 67/67 MP: 3/16
  5715 | D:6      | Killed a troll
  6131 | D:7      | Reached skill level 5 in Spellcasting
  6169 | D:7      | Found a staircase to the Ecumenical Temple.
  6182 | Temple   | Entered the Ecumenical Temple
  6222 | Temple   | Became a worshipper of the Wu Jian Council
  6288 | D:7      | Reached skill level 9 in Unarmed Combat
  6318 | D:7      | Noticed a centaur warrior
  6329 | D:7      | Killed a centaur warrior
  6333 | D:7      | Reached skill level 10 in Unarmed Combat
  6542 | D:7      | Reached XP level 10. HP: 59/74 MP: 15/18
  6633 | D:7      | Found a staircase to the Lair.
  6736 | D:7      | Reached * piety under Wu Jian
  7196 | Lair:1   | Entered Level 1 of the Lair of Beasts
  7201 | Lair:1   | Noticed a cane toad
  7210 | Lair:1   | Killed a cane toad
  7231 | Lair:1   | Reached skill level 11 in Unarmed Combat
  7326 | Lair:1   | Found a hazy altar of Hepliaklqana.
  7368 | Lair:1   | Noticed a cane toad
  7369 | Lair:1   | Noticed a cane toad
  7386 | Lair:1   | Killed a cane toad
  7397 | Lair:1   | Killed a cane toad
  7583 | Lair:1   | Noticed a cane toad
  7589 | Lair:1   | Killed a cane toad
  7590 | Lair:1   | Reached XP level 11. HP: 79/81 MP: 19/21
  7617 | Lair:1   | Reached skill level 12 in Unarmed Combat
  7843 | Lair:1   | Reached ** piety under Wu Jian
  8019 | Lair:1   | Noticed a four-headed hydra
  8031 | Lair:1   | Killed an eight-headed hydra
  8558 | Lair:2   | Reached skill level 5 in Dodging
  8720 | Lair:2   | Noticed a spriggan rider
  8758 | Lair:2   | Reached skill level 13 in Unarmed Combat
  8942 | Lair:2   | Reached *** piety under Wu Jian
  8945 | Lair:2   | Noticed a catoblepas
  8951 | Lair:2   | Killed a catoblepas
  9195 | Lair:2   | Reached XP level 12. HP: 75/91 MP: 19/23
  9614 | Lair:2   | Found a staircase to the Swamp.
  9628 | Lair:2   | HP: 2/91 [bog body (15)]
 10366 | D:8      | Found an opulent altar of Gozag.
 10604 | D:8      | Noticed a two-headed ogre
 10606 | D:8      | Reached **** piety under Wu Jian
 10613 | D:8      | Killed a two-headed ogre
 10614 | D:8      | Reached skill level 14 in Unarmed Combat
 11165 | D:9      | Found Jesch's Antique Armour Shoppe.
 11265 | D:9      | Found Hoeku's Armour Shoppe.
 11287 | D:9      | Bought a +0 hat for 44 gold pieces
 11307 | D:9      | Noticed a tengu warrior
 11315 | D:9      | Killed a tengu warrior
 11336 | D:9      | Found a sacrificial altar of Ru.
 11471 | D:9      | Found Bizxump's Antique Armour Emporium.
 11485 | D:9      | Bought a bloodstained hat for 252 gold pieces
 11495 | D:9      | Identified the +1 hat of Roedecw {MR++} (You bought it in a
                  | shop on level 9 of the Dungeon)
 11528 | D:9      | Found Tuohaaf's General Store.
 11546 | D:9      | Bought a scroll of enchant armour for 120 gold pieces
 11546 | D:9      | Bought a potion of curing for 40 gold pieces
 11644 | D:9      | Found Ydol's Book Emporium.
 11644 | D:9      | Noticed a two-headed ogre
 11648 | D:9      | Killed a two-headed ogre
 11966 | D:9      | Found a staircase to the Orcish Mines.
 12169 | D:10     | Entered Level 10 of the Dungeon
 12169 | D:10     | Noticed a four-headed hydra
 12173 | D:10     | Killed a seven-headed hydra
 12428 | D:10     | Reached ***** piety under Wu Jian
 12570 | D:10     | Noticed a two-headed ogre
 12578 | D:10     | Killed a two-headed ogre
 12579 | D:10     | Reached skill level 15 in Unarmed Combat
 12579 | D:10     | Reached XP level 13. HP: 96/96 MP: 26/26
 12796 | D:10     | Noticed Fannar
 12818 | D:10     | Killed Fannar
 13055 | D:11     | Reached skill level 10 in Transmutations
 13316 | D:11     | Noticed Nergalle
 13324 | D:11     | Killed Nergalle
 13677 | D:11     | Found a runed door.
 13726 | D:11     | Found Daozeucy's Magic Scroll Shop.
 13731 | D:11     | Bought a scroll of blinking for 112 gold pieces
 13731 | D:11     | Bought a scroll of teleportation for 45 gold pieces
 13731 | D:11     | Bought a scroll of teleportation for 45 gold pieces
 13942 | D:12     | Entered Level 12 of the Dungeon
 13995 | D:12     | Noticed Snorg
 14032 | D:12     | Killed Snorg
 14048 | D:12     | HP: 2/96 [cyclops/large rock (20)]
 14106 | D:12     | HP: 1/96 [cyclops/large rock (24)]
 14380 | D:12     | Reached skill level 16 in Unarmed Combat
 14431 | D:12     | Found a gate to the Vaults.
 14440 | D:12     | Found a hide-covered altar of Uskayaw.
 15370 | Orc      | Entered the Orcish Mines
 15411 | Orc      | Found a staircase to the Elven Halls.
 15530 | Orc      | Reached ****** piety under Wu Jian
 15544 | Orc      | Killed from afar by an orc sorcerer

Skill      XL: |  1  2  3  4  5  6  7  8  9 10 11 12 13 |
---------------+----------------------------------------+-----
Dodging        | 2 3 4 5 6 |  6.4
Unarmed Combat | 4 5 6 8 10 11 13 15 16 | 16.5
Transmutations | 3 4 5 6 7 8 9 10 | 10.7
Spellcasting   | 3 4 5 6 7 9 |  9.8
Poison Magic   | 1 2 |  2.9
Stealth        | 1 2 3 4 |  4.2
Fighting       | 2 3 4 |  4.1
Ice Magic      | |  0.3

Action                   |  1- 3 |  4- 6 |  7- 9 | 10-12 | 13-15 || total
-------------------------+-------+-------+-------+-------+-------++-------
Melee: Unarmed           |    92 |   139 |   211 |   486 |   289 ||  1217
       Tailslap          |     8 |    13 |     6 |    50 |    17 ||    94
       Headbutt          |     8 |     2 |    15 |    61 |    48 ||   134
       Kick              |     3 |     1 |       |       |       ||     4
       Punch             |     2 |       |     6 |    11 |    12 ||    31
 Cast: Beastly Appendage |    24 |    20 |    11 |     1 |       ||    56
       Spider Form       |     3 |    12 |     6 |     7 |       ||    28
       Blade Hands       |       |       |     8 |    53 |    26 ||    87
       Ice Form          |       |       |     3 |       |       ||     3
Invok: Whirlwind         |       |       |     9 |   102 |    51 ||   162
       Lunge             |       |       |     5 |    45 |    29 ||    79
 Abil: Breathe Steam     |       |       |     3 |       |       ||     3
  Use: Scroll            |    10 |     3 |     5 |     7 |     5 ||    30
       Potion            |       |       |     3 |     2 |     1 ||     6
 Stab: Sleeping          |       |       |     6 |     1 |     1 ||     8
       Distracted        |       |       |     1 |     1 |       ||     2
       Petrifying        |       |       |       |       |     1 ||     1
  Eat: Chunk             |     5 |     6 |    11 |    20 |     5 ||    47
       Ration            |       |     3 |     2 |     7 |     4 ||    16
Armor: Skin              |    18 |    26 |    46 |    70 |    59 ||   219
Dodge: Dodged            |    51 |    78 |    95 |   167 |   113 ||   504
